AAA EAST
ALTOONA CURVE @ COLUMBUS CLIPPERS
07/14/2041
 
TOP OF THE 1ST
Altoona Curve batting - Pitching for Columbus Clippers : LHP Greg Curry
Pitching: LHP Greg Curry
Batting: SHB Ernesto Ramírez 0-0: Ball
1-0: Ball
2-0: Ball
3-0: Called Strike
3-1: Called Strike
3-2: Ground out 5-3 (Groundball, 56S, EV 85.0 MPH)
Batting: LHB Joe Myers 0-0: Ball
1-0: Ball
2-0: Swinging Strike
2-1: Ball
3-1: Base on Balls
Batting: RHB Bob Crousse 0-0: Ball
1-0: Ball
2-0: Foul Ball, location: 2F
2-1: Foul Ball, location: 9LDF
2-2: SINGLE (Groundball, 34D, EV 107.5 MPH)
Joe Myers to second
Runner from 2nd tries for 3rd, SAFE, throw by RF made to third
Batting: SHB Bob Reville 0-0: Ball
1-0: Ball
2-0: Ball
3-0: Called Strike
3-1: Grounds into double play, 5-4-3 (Groundball, 56, EV 100.6 MPH)
Top of the 1st over - 0 runs, 1 hit, 0 errors, 1 left on base; Altoona 0 - Columbus 0
BOTTOM OF THE 1ST
Columbus Clippers batting - Pitching for Altoona Curve : RHP Charlie Russell
Pitching: RHP Charlie Russell
Batting: LHB Jerry Wilson 0-0: Ball
1-0: Swinging Strike
1-1: Foul Ball, location: 7LDF
1-2: Ball
2-2: SINGLE (Groundball, 6M, EV 101.3 MPH) (infield hit)
Batting: RHB Ezequiel Alfaro 0-0: Ball
1-0: Ball
2-0: Sac Bunt to 13S - play at first, batter OUT! 1-3
Jerry Wilson to second
Batting: LHB José Fontanez 0-0: Ball
1-0: Ground out 4-3 (Groundball, 4, EV 102.5 MPH)
Jerry Wilson to third
Batting: LHB Greg Curry 0-0: DOUBLE (Line Drive, 7LM, EV 104.4 MPH)
Jerry Wilson scores
Batting: RHB Tony Ávila 0-0: Ball
1-0: Called Strike
1-1: Ball
2-1: Called Strike
2-2: Ground out 5-3 (Groundball, 5, EV 82.5 MPH)
Bottom of the 1st over - 1 run, 2 hits, 0 errors, 1 left on base; Altoona 0 - Columbus 1
TOP OF THE 2ND
Altoona Curve batting - Pitching for Columbus Clippers : LHP Greg Curry
Batting: RHB Tomás Alvarado 0-0: Ball
1-0: Ball
2-0: Swinging Strike
2-1: Called Strike
2-2: Ball
3-2: Base on Balls
Batting: SHB Dave Brooks 0-0: Ball
1-0: Ball
2-0: Ball
3-0: Called Strike
3-1: Base on Balls
Tomás Alvarado to second
Batting: RHB Eric Simon 0-0: Ball
1-0: Ball
2-0: Ball
3-0: Base on Balls
Tomás Alvarado to third
Dave Brooks to second
Batting: LHB Albert Hernández 0-0: Ball
1-0: Foul Ball, location: 25FF
1-1: Called Strike
1-2: Foul Ball, location: 3DF
1-2: Foul Ball, location: 5SF
1-2: Ball
2-2: Ball
3-2: Fly out, F7 (Line Drive, 7D, EV 90.0 MPH)
Runner from 3rd tags up, SCORES, no throw by LF
Batting: LHB Jim Unknown 0-0: Ball
1-0: Ball
2-0: Ball
3-0: Called Strike
3-1: SINGLE (Groundball, 34, EV 102.5 MPH)
Dave Brooks to third
Eric Simon to second
Runner from 3rd tries for Home, SAFE, throw by RF to home
Batting: SHB Ernesto Ramírez 0-0: Foul Ball, location: 9LMF
0-1: Foul Ball, location: 3SF
0-2: Foul Ball, location: 3DF
0-2: Ball
1-2: Fly out, F4 (Line Drive, 4, EV 70.0 MPH)
Batting: LHB Joe Myers 0-0: Foul Ball, location: 3F
0-1: Ball
1-1: Called Strike
1-2: Foul Ball, location: 2F
1-2: Strikes out swinging
Top of the 2nd over - 2 runs, 1 hit, 0 errors, 2 left on base; Altoona 2 - Columbus 1
BOTTOM OF THE 2ND
Columbus Clippers batting - Pitching for Altoona Curve : RHP Charlie Russell
Batting: RHB José Espinoza 0-0: SINGLE (Line Drive, 9S, EV 89.4 MPH)
Batting: RHB Leith Corkum 0-0: Reached on error, E6 (Groundball, 6, EV 86.3 MPH)
José Espinoza to second
Batting: RHB Tony Castro 0-0: Foul Ball, location: 5DF
0-1: Sac Bunt to 25 - play at first, batter safe!
José Espinoza to third
Leith Corkum to second
Batting: RHB Bob Meegan 0-0: Ball
1-0: Ball
2-0: Called Strike
2-1: Fly out, F8 (Flyball, 8LD, EV 108.1 MPH)
Batting: LHB Jerry Wilson 0-0: Called Strike
0-1: Foul Ball, location: 9LDF
0-2: Ball
1-2: Ball
2-2: Fly out, F7 (Flyball, 7, EV 93.1 MPH)
Runner from 3rd tags up, SCORES, throw by LF
Leith Corkum to third
Batting: RHB Ezequiel Alfaro 0-0: Ball
1-0: Called Strike
1-1: Foul Ball, location: 9LSF
1-2: Strikes out swinging
Bottom of the 2nd over - 1 run, 2 hits, 1 error, 2 left on base; Altoona 2 - Columbus 2
TOP OF THE 3RD
Altoona Curve batting - Pitching for Columbus Clippers : LHP Greg Curry
Batting: RHB Bob Crousse 0-0: Called Strike
0-1: Ball
1-1: Ball
2-1: Ball
3-1: Base on Balls
Batting: SHB Bob Reville 0-0: Foul Ball, location: 2F
0-1: Foul Ball, location: 5F
0-2: Strikes out swinging
Batting: RHB Tomás Alvarado 0-0: Foul Ball, location: 5F
0-1: Fly out, F7 (Flyball, 7D, EV 91.9 MPH)
Batting: SHB Dave Brooks 0-0: Called Strike
0-1: Ball
1-1: Ball
Wild Pitch!
Bob Crousse to second
2-1: Ball
3-1: Foul Ball, location: 2F
3-2: Strikes out swinging
Top of the 3rd over - 0 runs, 0 hits, 0 errors, 1 left on base; Altoona 2 - Columbus 2
BOTTOM OF THE 3RD
Columbus Clippers batting - Pitching for Altoona Curve : RHP Charlie Russell
Batting: LHB José Fontanez 0-0: Called Strike
0-1: Ball
1-1: Ball
2-1: Ball
3-1: Foul Ball, location: 7LMF
3-2: Base on Balls
Batting: LHB Greg Curry 0-0: Ball
1-0: Foul Ball, location: 5DF
1-1: Grounds into double play, 4-6-3 (Groundball, 34, EV 90.0 MPH)
Batting: RHB Tony Ávila 0-0: Ball
1-0: Ball
2-0: Ground out 5-3 (Groundball, 56, EV 78.8 MPH)
Bottom of the 3rd over - 0 runs, 0 hits, 0 errors, 0 left on base; Altoona 2 - Columbus 2
TOP OF THE 4TH
Altoona Curve batting - Pitching for Columbus Clippers : LHP Greg Curry
Batting: RHB Eric Simon 0-0: Called Strike
0-1: Ground out 6-3 (Groundball, 6, EV 78.8 MPH)
Batting: LHB Albert Hernández 0-0: Called Strike
0-1: Ball
1-1: Swinging Strike
1-2: Foul Ball, location: 2F
1-2: Foul Ball, location: 3DF
1-2: Foul Ball, location: 5F
1-2: Ball
2-2: Ball
3-2: Strikes out looking
Batting: LHB Jim Unknown 0-0: Called Strike
0-1: Ball
1-1: Ground out 4-3 (Groundball, 4, EV 106.9 MPH)
Top of the 4th over - 0 runs, 0 hits, 0 errors, 0 left on base; Altoona 2 - Columbus 2
BOTTOM OF THE 4TH
Columbus Clippers batting - Pitching for Altoona Curve : RHP Charlie Russell
Batting: RHB José Espinoza 0-0: Ball
1-0: Called Strike
1-1: Foul Ball, location: 5DF
1-2: Ball
2-2: Ball
3-2: Strikes out swinging
Batting: RHB Leith Corkum 0-0: Called Strike
0-1: Ball
1-1: DOUBLE (Line Drive, 78M, EV 93.1 MPH)
Batting: RHB Tony Castro 0-0: Ball
1-0: Ground out 2-3 (Groundball, 15S, EV 67.5 MPH)
Batting: RHB Bob Meegan 0-0: SINGLE (Groundball, 34D, EV 96.9 MPH)
Leith Corkum to third
Runner from 3rd tries for Home, SAFE, throw by RF to home
Batting: LHB Jerry Wilson 0-0: Ground out 3-1 (Groundball, 34, EV 85.6 MPH)
Bottom of the 4th over - 1 run, 2 hits, 0 errors, 1 left on base; Altoona 2 - Columbus 3
TOP OF THE 5TH
Altoona Curve batting - Pitching for Columbus Clippers : LHP Greg Curry
Batting: SHB Ernesto Ramírez 0-0: Ball
1-0: Ball
2-0: Swinging Strike
2-1: Bunted foul
2-2: Ball
3-2: Foul Ball, location: 5F
3-2: Strikes out swinging
Pitching: RHP Randy Abdul-Quddus
Batting: LHB Joe Myers 0-0: Ball
1-0: Called Strike
1-1: Ball
2-1: Ground out U3 (Groundball, 3, EV 77.5 MPH)
Batting: RHB Bob Crousse 0-0: Called Strike
0-1: Reached on error, E4 (Groundball, 4, EV 78.8 MPH)
Batting: SHB Bob Reville 0-0: Ball
1-0: Foul Ball, location: 7LSF
1-1: Foul Ball, location: 7LMF
1-2: Strikes out looking
Top of the 5th over - 0 runs, 0 hits, 1 error, 1 left on base; Altoona 2 - Columbus 3
BOTTOM OF THE 5TH
Columbus Clippers batting - Pitching for Altoona Curve : RHP Charlie Russell
Batting: RHB Ezequiel Alfaro 0-0: Ball
1-0: Foul Ball, location: 9LMF
1-1: Bunt for hit to 3S - play at first, batter OUT! 3-4
Batting: LHB José Fontanez 0-0: Fly out, F7 (Flyball, 78D, EV 104.4 MPH)
Batting: LHB Greg Curry 0-0: DOUBLE (Groundball, 3L, EV 108.8 MPH)
Batting: RHB Tony Ávila 0-0: Ball
1-0: Ball
2-0: Foul Ball, location: 9LDF
2-1: Foul Ball, location: 2RF
2-2: Ground out 6-3 (Groundball, 6M, EV 105.0 MPH)
Bottom of the 5th over - 0 runs, 1 hit, 0 errors, 1 left on base; Altoona 2 - Columbus 3
TOP OF THE 6TH
Altoona Curve batting - Pitching for Columbus Clippers : RHP Randy Abdul-Quddus
Batting: RHB Tomás Alvarado 0-0: Called Strike
0-1: Ball
1-1: Ball
2-1: Ball
3-1: Base on Balls
Batting: SHB Dave Brooks 0-0: Ball
1-0: Sac Bunt to 3S - play at first, batter OUT! 3-1
Tomás Alvarado to second
Pinch Hitting: LHB Juan Luis Guevara 0-0: Ball
1-0: Ball
2-0: Called Strike
2-1: Called Strike
2-2: Ball
3-2: Ground out 4-3 (Groundball, 4, EV 83.8 MPH)
Tomás Alvarado to third
Batting: LHB Albert Hernández 0-0: SINGLE (Groundball, 6MS, EV 70.6 MPH) (infield hit)
Tomás Alvarado scores
Batting: LHB Jim Unknown 0-0: Ball
1-0: Called Strike
1-1: Ball
2-1: Ball
3-1: Called Strike
3-2: Foul Ball, location: 2F
3-2: Foul Ball, location: 2F
3-2: Ground out 4-3 (Groundball, 4S, EV 65.0 MPH)
Top of the 6th over - 1 run, 1 hit, 0 errors, 1 left on base; Altoona 3 - Columbus 3
BOTTOM OF THE 6TH
Columbus Clippers batting - Pitching for Altoona Curve : RHP Charlie Russell
Now at 2B: Augusto Padilla
Batting: RHB José Espinoza 0-0: DOUBLE (Groundball, 5L, EV 101.3 MPH)
Batting: RHB Leith Corkum 0-0: Called Strike
0-1: Swinging Strike
0-2: SINGLE (Groundball, 34D, EV 98.1 MPH)
José Espinoza to third
Batting: RHB Tony Castro 0-0: Called Strike
0-1: Ball
1-1: Ball
2-1: Foul Ball, location: 2F
2-2: Strikes out looking
Batting: RHB Bob Meegan 0-0: Called Strike
0-1: Ball
1-1: Ball
2-1: Swinging Strike
2-2: Strikes out swinging
Batting: LHB Jerry Wilson 0-0: Ball
1-0: Called Strike
1-1: DOUBLE (Line Drive, 7LM, EV 108.1 MPH)
José Espinoza scores
Leith Corkum to third
Runner from 3rd tries for Home, SAFE, throw by LF to home
Batting: RHB Ezequiel Alfaro 0-0: Ball
1-0: Called Strike
1-1: Called Strike
1-2: Ball
2-2: Strikes out looking
Bottom of the 6th over - 2 runs, 3 hits, 0 errors, 1 left on base; Altoona 3 - Columbus 5
TOP OF THE 7TH
Altoona Curve batting - Pitching for Columbus Clippers : RHP Randy Abdul-Quddus
Batting: SHB Ernesto Ramírez 0-0: Ball
1-0: Ball
2-0: Ball
3-0: Base on Balls
Batting: LHB Joe Myers 0-0: Ball
1-0: Called Strike
1-1: Foul Ball, location: 7LSF
1-2: Strikes out swinging
Pinch Hitting: LHB Gene Norman
Pitching: LHP Juan Batlsta 0-0: Called Strike
0-1: Ball
1-1: Called Strike
1-2: Grounds into double play, 6-4-3 (Groundball, 6, EV 91.9 MPH)
Top of the 7th over - 0 runs, 0 hits, 0 errors, 0 left on base; Altoona 3 - Columbus 5
BOTTOM OF THE 7TH
Columbus Clippers batting - Pitching for Altoona Curve : RHP Charlie Russell
Pitching: RHP Albert Martínez
Now at 1B: Gene Norman
Batting: LHB José Fontanez 0-0: Ball
1-0: Ball
2-0: DOUBLE (Line Drive, 7LS, EV 91.3 MPH)
Batting: LHB Greg Curry 0-0: Ball
1-0: Called Strike
1-1: Foul Ball, location: 7LSF
1-2: Fly out, F8 (Flyball, 8RM, EV 79.4 MPH)
Batting: RHB Tony Ávila 0-0: Ball
1-0: Called Strike
1-1: DOUBLE (Line Drive, 3D, EV 102.5 MPH)
José Fontanez scores
Batting: RHB José Espinoza 0-0: Ball
1-0: Ball
2-0: Ground out 6-3 (Groundball, 56, EV 109.4 MPH)
Tony Ávila to third
Batting: RHB Leith Corkum 0-0: Called Strike
0-1: Called Strike
0-2: Foul Ball, location: 5FF
0-2: Ball
1-2: Foul Ball, location: 2F
1-2: Fly out, F9 (Flyball, 9D, EV 93.1 MPH)
Bottom of the 7th over - 1 run, 2 hits, 0 errors, 1 left on base; Altoona 3 - Columbus 6
TOP OF THE 8TH
Altoona Curve batting - Pitching for Columbus Clippers : LHP Juan Batlsta
Batting: SHB Bob Reville 0-0: Foul Ball, location: 7LSF
0-1: Called Strike
0-2: Ball
1-2: Strikes out swinging
Batting: RHB Tomás Alvarado 0-0: Ball
1-0: Called Strike
1-1: Ground out 6-3 (Groundball, 6S, EV 83.1 MPH)
Batting: SHB Dave Brooks 0-0: Foul Ball, location: 2F
0-1: Ball
1-1: Called Strike
1-2: Foul Ball, location: 7LMF
1-2: Ball
2-2: SINGLE (Line Drive, 56D, EV 103.1 MPH)
Batting: RHB Augusto Padilla 0-0: Ball
1-0: Swinging Strike
1-1: Swinging Strike
1-2: SINGLE (Line Drive, 7S, EV 103.1 MPH)
Dave Brooks to second
Pinch Hitting: RHB Bob Ellison 0-0: Ball
1-0: Ball
2-0: Ball
3-0: Called Strike
3-1: SINGLE (Groundball, 34D, EV 93.8 MPH)
Dave Brooks to third
Augusto Padilla to second
Runner from 3rd tries for Home, SAFE, throw by RF to home
Batting: LHB Jim Unknown 0-0: Called Strike
0-1: Swinging Strike
0-2: Foul Ball, location: 23F
0-2: Ball
1-2: Strikes out swinging
Top of the 8th over - 1 run, 3 hits, 0 errors, 2 left on base; Altoona 4 - Columbus 6
BOTTOM OF THE 8TH
Columbus Clippers batting - Pitching for Altoona Curve : RHP Albert Martínez
Now in RF: Josh Thompson
Batting: RHB Tony Castro 0-0: Ball
1-0: Foul Ball, location: 2F
1-1: Swinging Strike
1-2: Ball
2-2: Foul Ball, location: 7LMF
2-2: Ball
3-2: Foul Ball, location: 3DF
3-2: Base on Balls
Batting: RHB Bob Meegan 0-0: Sac Bunt to P - play at first, batter OUT! 1-3
Tony Castro to second
Batting: LHB Jerry Wilson 0-0: Called Strike
0-1: Ball
1-1: DOUBLE (Flyball, 89XD, EV 92.5 MPH)
Tony Castro scores
Batting: RHB Ezequiel Alfaro 0-0: Ball
1-0: Swinging Strike
1-1: Called Strike
1-2: Strikes out looking
Batting: LHB José Fontanez 0-0: Foul Ball, location: 2F
0-1: Foul Ball, location: 5DF
0-2: Ball
1-2: Ball
2-2: Ball
3-2: Fly out, F7 (Flyball, 7LM, EV 90.6 MPH)
Bottom of the 8th over - 1 run, 1 hit, 0 errors, 1 left on base; Altoona 4 - Columbus 7
TOP OF THE 9TH
Altoona Curve batting - Pitching for Columbus Clippers : LHP Juan Batlsta
Pitching: LHP Steve Hilliard
Now in LF: Oliver Pérez
Now in RF: Arturo Molina
Batting: SHB Ernesto Ramírez 0-0: Called Strike
0-1: Swinging Strike
0-2: Strikes out swinging
Pinch Hitting: RHB Raúl Diéguez 0-0: Swinging Strike
0-1: Ball
1-1: Ball
2-1: Fly out, F6 (Popup, 6M, EV 63.1 MPH)
Batting: LHB Gene Norman 0-0: Ball
1-0: Ball
2-0: Ball
3-0: Called Strike
3-1: Called Strike
3-2: SINGLE (Groundball, 4M, EV 89.4 MPH) (infield hit)
Batting: SHB Bob Reville 0-0: Called Strike
0-1: Ball
1-1: Ball
2-1: Called Strike
2-2: Ball
3-2: Ground out 6-3 (Groundball, 6, EV 82.5 MPH)
Top of the 9th over - 0 runs, 1 hit, 0 errors, 1 left on base; Altoona 4 - Columbus 7
Monday, April 1st , 2024 - OOTP Baseball 24.10 Build 82